 Dungeon Crawl Stone Soup version 0.19-a0-665-g79b24d5 (webtiles) character file.

172264 Arkorax the Warrior (level 17, -4/169 HPs)
             Began as a Minotaur Monk on June 16, 2016.
             Was the Champion of Cheibriados.
             Slain by a cyan very ugly thing (18 damage)
             ... on level 2 of the Depths.
             The game lasted 00:44:06 (30039 turns).

Arkorax the Warrior (Minotaur Monk)                Turns: 30039, Time: 00:44:07

Health: -4/169     AC: 25    Str: 34    XL:     17   Next: 40%
Magic:  14/21      EV: 23    Int: 27    God:    Cheibriados [******]
Gold:   2672       SH:  5    Dex: 34    Spells: 2 memorised, 4 levels left

rFire  . . .     SeeInvis .       - Unarmed
rCold  . . .     Gourm    .     Y - +0 chain mail "Yferr" {MP-9 Dex+4 Slay+4} (curse)
rNeg   . . .     Faith    .     (no shield)
rPois  .         Spirit   .     n - +2 hat
rElec  .         Dismiss  .     w - +2 cloak
rCorr  .         Reflect  +     h - +1 pair of gloves
SustAt .         Harm     .     F - +1 pair of boots
MR     +....                    d - +5 amulet of reflection
Stlth  ..........               P - ring of magical power
                                a - +3 ring of intelligence

@: studying Fighting, very slow, somewhat resistant to hostile enchantments,
extremely unstealthy
A: retaliatory headbutt, horns 2
a: Bend Time, Temporal Distortion, Slouch, Step From Time, Renounce Religion


You were on level 2 of the Depths.
You worshipped Cheibriados.
Cheibriados was exalted by your worship.
You were not hungry.

You visited 7 branches of the dungeon, and saw 32 of its levels.
You visited the Abyss 1 time.

You collected 2672 gold pieces.

Inventory:

Armour
 h - a +1 pair of gloves (worn)
 n - a +2 hat (worn)
 w - a +2 cloak (worn)
 F - a +1 pair of boots (worn)
 Y - the cursed +0 chain mail "Yferr" (worn) {MP-9 Dex+4 Slay+4}
   (You found it on level 11 of the Dungeon)

   It affects your dexterity (+4).
   It affects your accuracy and damage with ranged weapons and melee attacks
   (+4).
   It affects your magic capacity (-9).
   It has a curse placed upon it.
Jewellery
 a - a +3 ring of intelligence (left hand)
 d - a +5 amulet of reflection (around neck)
 B - the amulet "Rouvumn" {Harm *Drain MR+ Dex+2}
   (You found it on level 3 of the Lair of Beasts)

   [amulet of harm]

   It increases damage dealt and taken.
   It affects your dexterity (+2).
   It affects your resistance to hostile enchantments.
 K - an uncursed ring of resist corrosion {unknown}
 P - a ring of magical power (right hand)
Wands
 c - a wand of lightning (2/15)
 g - a wand of flame (18/48)
 o - a wand of teleportation (4/9)
 D - a wand of flame (26/48)
 H - a wand of slowing (29/48)
 I - a wand of acid (7/15)
 J - a wand of iceblast (8/15)
 M - a wand of enslavement (13/24)
 Q - a wand of paralysis (14/24)
 T - a wand of slowing (26/48)
 U - a wand of confusion (10/48)
 W - a wand of flame (15/48)
Scrolls
 e - 13 scrolls of remove curse
 f - 6 scrolls of teleportation
 i - 2 scrolls of blinking
 j - 8 scrolls of enchant weapon
 r - 16 scrolls of identify
 y - 3 scrolls of recharging
 A - a scroll of fear
 X - 3 scrolls of enchant armour
 Z - 5 scrolls of magic mapping
Potions
 k - 2 potions of flight
 m - 4 potions of mutation
 s - a potion of resistance
 u - a potion of might
 v - 2 potions of cure mutation
 C - 2 potions of ambrosia
 G - a potion of magic
 O - 4 potions of heal wounds
 R - 2 potions of curing
 S - a potion of agility
 V - 3 potions of brilliance
Books
 l - a manual of Fighting
 t - a book of Beasts

   Spells                             Type                      Level
   a - Summon Butterflies             Summoning                    1
   b - Call Canine Familiar           Summoning                    3
   c - Summon Ice Beast               Ice/Summoning                4
   d - Summon Mana Viper              Hexes/Summoning              5
   e - Summon Hydra                   Summoning                    7
 x - Roxanne's Tome of Changing
   (You took it off Roxanne on level 3 of the Shoals)

   Spells                             Type                      Level
   a - Sticks to Snakes               Transmutation                2
   b - Irradiate                      Conjuration/Transmutation    5
   c - Statue Form                    Transmutation/Earth          6
   d - Hydra Form                     Transmutation                6
 N - a book of Burglary

   Spells                             Type                      Level
   a - Swiftness                      Charms/Air                   2
   b - Passwall                       Transmutation/Earth          2
   c - Passage of Golubria            Translocation                4
   d - Lee's Rapid Deconstruction     Earth                        5
   e - Darkness                       Hexes                        6
   f - Invisibility                   Hexes                        6
Comestibles
 b - 11 bread rations
 p - 10 slices of pizza
 q - 13 fruits
 z - 10 meat rations
 E - 3 royal jellies
 L - 6 beef jerkies


   Skills:
 + Level 19.7 Fighting
 + Level 16.7 Armour
 - Level 11.5 Dodging
 - Level 1.5 Stealth
 + Level 17.1 Unarmed Combat
 - Level 11.5 Transmutations
 + Level 6.7 Invocations


You had 4 spell levels left.
You knew the following spells:

 Your Spells              Type           Power        Failure   Level  Hunger
a - Hydra Form            Tmut           ######....   41%         6    #######
b - Statue Form           Tmut/Erth      ####.....    100%        6    #######


Dungeon Overview and Level Annotations

Branches:
Dungeon (15/15)            Temple (1/1) D:4            Lair (6/6) D:11
 Shoals (4/4) Lair:4       Spider (2/4) Lair:2        Slime (0/5) Lair:5
    Orc (2/2) D:12            Elf (0/3) Orc:2        Vaults (0/5) D:14
 Depths (2/5) D:15

Altars:
Ashenzari
Cheibriados
Dithmenos
Elyvilon
Fedhas
Gozag
Kikubaaqudgha
Makhleb
Nemelex Xobeh
Okawaru
Pakellas
Qazlal
Ru
Sif Muna
Trog
Uskayaw
Vehumet
Xom
Yredelemnul
Zin
The Shining One
Beogh

Shops:
D:5 :   Orc:2 [!([

Portals:
Hell: Depths:1
Abyss: Depths:1
Ziggurat: Depths:1


Innate Abilities, Weirdness & Mutations

You reflexively headbutt those who attack you in melee.
You have a pair of horns on your head.


Message History

The yaktaur captain shoots a bolt.
You reflect the bolt off an invisible shield around you!
The bolt hits the yaktaur captain!!
The cyan very ugly thing misses you. You furiously retaliate!
You headbutt the cyan very ugly thing!!
You see here a bolt.
The yaktaur captain shoots a bolt.
The bolt hits you!!
The cyan very ugly thing basks in the mutagenic energy from its kin and changes!
The yaktaur wields an arbalest.
The yaktaur shoots a bolt.
The bolt barely misses you.
The yaktaur captain shoots a bolt.
The bolt hits you! The cyan very ugly thing claws you!!
The cyan very ugly thing shocks you!!
* * * LOW HITPOINT WARNING * * *
The yaktaur wields an arbalest.
The yaktaur shoots a bolt.
The bolt hits you!
* * * LOW HITPOINT WARNING * * *
You see here 5 bolts.
Unknown command.
The cyan very ugly thing claws you.
* * * LOW HITPOINT WARNING * * *
The cyan very ugly thing shocks you!!
You die...

#..8..#
#.....#
#.u...# .
#Cu...###'#.
#c#c##c...
#u(c....#
#((c....#
#uc.....#
#@((....#
#########
#+# A. ###
... ##.. .#.
.###... .(.
.#####.#.._
#...<..(


You could see 3 very ugly things, 2 yaktaur captains, a white ugly thing, an
ettin and 4 yaktaurs.

Vanquished Creatures
  Gastronok (Lair:1)
  The ghost of Edwin the Blocker, an adept FoHu of Ru (Shoals:3)
  Roxanne (Shoals:3)
  A frost giant (Depths:1)
  Donald (Orc:2)
  An orc warlord (Orc:2)
  3 very ugly things (Depths:1)
  3 stone giants
  A starcursed mass (Abyss:1)
  2 vampire knights (Depths:1)
  6 dire elephants
  4 ettins
  A fire dragon (Depths:1)
  2 merfolk impalers (Shoals:2)
  Josephine (Lair:4)
  A great orb of eyes (Depths:1)
  4 entropy weavers
  2 rakshasas
  Harold (Lair:1)
  Erolcha (D:8)
  2 yaktaur captains (Depths:1)
  A hydra (Lair:4)
  4 vault guards (D:14)
  7 centaur warriors
  2 merfolk aquamancers
  An anaconda (Lair:6)
  2 satyrs
  A deep troll shaman (Depths:1)
  4 deep troll earth magi (Depths:1)
  A tengu warrior (Shoals:2)
  A queen ant (D:12)
  Urug (Lair:2)
  A fire crab (Lair:5)
  A vampire mage (Depths:1)
  Sonja (Lair:4)
  5 skeletal warriors (D:15)
  Nergalle (Lair:4)
  4 deep trolls (Depths:1)
  A giant orange brain (Depths:2)
  6 sea snakes
  2 phantasmal warriors (Depths:1)
  Pikel (D:7)
  5 harpies (Shoals:1)
  9 orb spiders
  5 hill giants
  A harpy (shapeshifter) (Depths:1)
  2 orc knights
  An orc sorcerer (Orc:1)
  9 cyclopes
  A salamander (Depths:1)
  7 manticores
  2 moths of wrath
  A hornet (Spider:1)
  8 fauns
  17 wolf spiders
  6 griffons
  3 slime creatures
  17 ugly things
  Psyche (D:8)
  Maurice (D:8)
  6 sirens
  11 elephants
  2 water nymphs (Shoals:1)
  Joseph (D:8)
  6 centaur zombies
  An apocalypse crab (Abyss:1)
  A naga mage (D:15)
  6 black mambas
  A gargoyle (D:13)
  A torpor snail (Lair:4)
  A molten gargoyle (Depths:1)
  A smoke demon (Abyss:1)
  9 spiny frogs
  5 demonic crawlers
  3 yaktaurs (Depths:1)
  4 kobold demonologists
  6 komodo dragons
  2 tengu conjurers
  An ancient zyme (Abyss:1)
  14 merfolk
  6 trolls
  7 jumping spiders
  Prince Ribbit (D:7)
  A wind drake (Shoals:2)
  4 blink frogs
  3 two-headed ogres
  4 boulder beetles (Lair:6)
  A snapping turtle (Shoals:3)
  29 redbacks
  A centaur simulacrum (D:15)
  A shadow (D:15)
  A large abomination (Abyss:1)
  19 tarantellas
  4 wraiths
  7 water elementals
  3 wyverns
  A vampire (D:14)
  63 yaks
  8 hippogriffs
  A human (D:7)
  A basilisk (Lair:1)
  3 hungry ghosts
  11 vampire mosquitoes
  3 mottled dragons
  5 wargs
  5 soldier ants
  15 water moccasins
  10 porcupines
  An ice beast (D:15)
  A slave (D:7)
  3 sky beasts
  33 orc warriors
  7 ogres
  6 phantoms
  A small abomination (Abyss:1)
  3 wasps
  An eye of draining (D:14)
  3 wolves (D:11)
  9 centaurs
  5 big kobolds
  9 crocodiles
  18 giant frogs
  A gnoll sergeant (D:13)
  A wyvern skeleton (D:12)
  4 scorpions
  16 killer bees
  15 wights
  6 electric eels
  6 howler monkeys
  8 crimson imps
  A quasit (D:8)
  20 orc priests
  Crazy Yiuf (D:3)
  18 jellies
  4 centaur skeletons
  10 hounds
  3 iguanas
  3 giant frog skeletons
  35 orc wizards
  Ijyb (D:2)
  Natasha (thrice) (D:3)
  30 worker ants
  A killer bee zombie (D:9)
  12 sheep
  A hound zombie (D:10)
  A hound skeleton (D:6)
  8 gnolls
  14 river rats (Lair:4)
  22 adders
  4 shadow imps
  2 adder skeletons
  A worm (D:3)
  3 dart slugs
  7 giant geckos
  79 orcs
  2 giant cockroaches (D:7)
  4 goblins
  8 hobgoblins
  9 jackals
  6 quokkas
  9 bats
  A giant gecko zombie (D:8)
  7 giant newts
  28 kobolds
  A quokka skeleton (D:7)
  5 rats
  A lurking horror (Abyss:1)
1006 creatures vanquished.

Vanquished Creatures (collateral kills)
  A crimson imp (D:15)
1 creature vanquished.

Vanquished Creatures (others)
  A dire elephant (Lair:6)
  2 yaks (Lair:6)
  A centaur (Shoals:2)
  A crimson imp (D:7)
  11 fungi
  24 plants
40 creatures vanquished.

Grand Total: 1047 creatures vanquished

Notes
Turn   | Place    | Note
--------------------------------------------------------------
     0 | D:1      | Arkorax the Minotaur Monk began the quest for the Orb.
     0 | D:1      | Reached XP level 1. HP: 19/19 MP: 0/0
   323 | D:1      | Reached XP level 2. HP: 26/27 MP: 1/1
   652 | D:2      | Reached skill level 4 in Fighting
   670 | D:2      | Reached XP level 3. HP: 26/33 MP: 2/2
   706 | D:2      | Noticed Ijyb
   731 | D:2      | Killed Ijyb
   731 | D:2      | Reached skill level 5 in Unarmed Combat
   930 | D:2      | Found a radiant altar of Vehumet.
  1039 | D:2      | Reached XP level 4. HP: 41/41 MP: 3/3
  1514 | D:3      | Noticed Natasha
  1520 | D:3      | Killed Natasha
  1520 | D:3      | Reached XP level 5. HP: 29/47 MP: 4/4
  1812 | D:3      | Noticed Natasha
  1824 | D:3      | Killed Natasha
  1824 | D:3      | Reached skill level 5 in Fighting
  1907 | D:3      | Noticed Crazy Yiuf
  1916 | D:3      | Killed Crazy Yiuf
  2036 | D:3      | Noticed Natasha
  2045 | D:3      | Killed Natasha
  2219 | D:4      | Reached skill level 5 in Dodging
  2282 | D:4      | Reached XP level 6. HP: 56/56 MP: 5/5
  2681 | D:4      | Found a staircase to the Ecumenical Temple.
  2702 | Temple   | Entered the Ecumenical Temple
  2975 | Temple   | Became a worshipper of Cheibriados the Contemplative
  2975 | Temple   | Reached * piety under Cheibriados
  2975 | Temple   | Reached ** piety under Cheibriados
  3329 | D:5      | Entered Level 5 of the Dungeon
  3410 | D:5      | Reached skill level 6 in Fighting
  3410 | D:5      | Reached XP level 7. HP: 59/63 MP: 6/6
  3473 | D:5      | Found a sacrificial altar of Ru.
  3641 | D:5      | Learned a level 6 spell: Hydra Form
  3741 | D:5      | Found Seug Oty's Book Boutique.
  3952 | D:5      | Found an iron altar of Okawaru.
  3952 | D:5      | Found a basalt altar of Yredelemnul.
  4075 | D:5      | Found a shattered altar of Ashenzari.
  4080 | D:5      | Reached skill level 7 in Fighting
  4175 | D:6      | Reached *** piety under Cheibriados
  4271 | D:6      | Reached XP level 8. HP: 33/73 MP: 7/7
  4455 | D:6      | Found a sparkling altar of Nemelex Xobeh.
  5014 | D:7      | Found an opulent altar of Gozag.
  5019 | D:7      | Noticed Prince Ribbit
  5050 | D:7      | Reached **** piety under Cheibriados
  5065 | D:7      | Killed Prince Ribbit
  5065 | D:7      | Reached skill level 8 in Fighting
  5218 | D:7      | Reached XP level 9. HP: 67/82 MP: 8/8
  5505 | D:7      | Reached skill level 9 in Fighting
  5572 | D:7      | Noticed Pikel
  5589 | D:7      | Killed Pikel
  5701 | D:8      | Reached ***** piety under Cheibriados
  5703 | D:8      | Reached skill level 10 in Fighting
  5743 | D:8      | Reached skill level 10 in Unarmed Combat
  5745 | D:8      | Noticed Joseph
  5766 | D:8      | Killed Joseph
  6063 | D:8      | Noticed Erolcha
  6080 | D:8      | Reached XP level 10. HP: 93/93 MP: 9/9
  6085 | D:8      | Cast into level 1 of the Abyss (Erolcha)
  6171 | Abyss:1  | Noticed a smoke demon
  6177 | Abyss:1  | Killed a smoke demon
  6177 | Abyss:1  | Reached skill level 10 in Dodging
  6329 | Abyss:1  | Noticed an apocalypse crab
  6335 | Abyss:1  | Killed an apocalypse crab
  6352 | Abyss:1  | Noticed a starcursed mass
  6369 | Abyss:1  | Noticed a smoke demon
  6370 | Abyss:1  | Killed a starcursed mass
  6370 | Abyss:1  | Reached skill level 11 in Fighting
  6372 | D:8      | Escaped the Abyss
  6682 | D:8      | Found a hide-covered altar of Uskayaw.
  6718 | D:8      | Identified the Tome of Assistive Companions (You found it on level 8 of the Dungeon)
  6762 | D:8      | Killed Erolcha
  6828 | D:8      | Noticed Psyche
  6839 | D:8      | Killed Psyche
  7004 | D:8      | Noticed Maurice
  7013 | D:8      | Killed Maurice
  7105 | D:8      | Reached XP level 11. HP: 104/104 MP: 10/10
  7195 | D:8      | Reached skill level 12 in Fighting
  8520 | D:10     | Entered Level 10 of the Dungeon
  9057 | D:11     | Got an ichor-stained chain mail
  9068 | D:11     | Identified the cursed +0 chain mail "Yferr" {MP-9 Dex+4 Slay+4} (You found it on level 11 of the Dungeon)
  9173 | D:11     | Reached skill level 1 in Armour
  9257 | D:11     | Found a staircase to the Lair.
  9711 | D:11     | Reached ****** piety under Cheibriados
  9993 | D:12     | Found a staircase to the Orcish Mines.
 10142 | D:12     | Reached skill level 13 in Fighting
 10144 | D:12     | Reached skill level 5 in Armour
 10148 | D:12     | Noticed a hill giant
 10150 | D:12     | Noticed a centaur warrior
 10156 | D:12     | Killed a centaur warrior
 10165 | D:12     | Reached XP level 12. HP: 104/115 MP: 2/11
 10189 | D:12     | Noticed a queen ant
 10193 | D:12     | Killed a queen ant
 10813 | D:13     | Reached skill level 14 in Fighting
 10915 | D:13     | Found a white marble altar of Elyvilon.
 10994 | D:13     | Noticed a rakshasa
 11166 | D:13     | Noticed a centaur warrior
 11172 | D:13     | Killed a centaur warrior
 11303 | D:13     | Killed a rakshasa
 11584 | D:14     | Noticed a centaur warrior
 11597 | D:14     | Killed a centaur warrior
 11891 | D:14     | Reached XP level 13. HP: 125/125 MP: 3/12
 11909 | D:14     | Found a gate to the Vaults.
 11924 | D:14     | Reached skill level 10 in Armour
 11935 | D:14     | Reached skill level 15 in Fighting
 12563 | D:14     | Reached skill level 15 in Unarmed Combat
 12745 | D:14     | Reached skill level 1 in Transmutations
 12837 | D:15     | Entered Level 15 of the Dungeon
 13551 | D:15     | Found a staircase to the Depths.
 13551 | D:15     | Noticed a dire elephant
 13559 | D:15     | Killed a dire elephant
 13681 | D:15     | Reached skill level 5 in Transmutations
 13681 | D:15     | Reached XP level 14. HP: 54/135 MP: 4/13
 14008 | Orc:1    | Entered Level 1 of the Orcish Mines
 14417 | Orc:2    | Entered Level 2 of the Orcish Mines
 14420 | Orc:2    | Noticed Donald
 14437 | Orc:2    | Killed Donald
 14814 | Lair:1   | Entered Level 1 of the Lair of Beasts
 14845 | Lair:1   | Noticed Harold
 14851 | Lair:1   | Killed Harold
 14936 | Lair:1   | Noticed Gastronok
 14950 | Lair:1   | Killed Gastronok
 15907 | Lair:2   | Found a hole to the Spider Nest.
 16402 | Lair:2   | Noticed Urug
 16411 | Lair:2   | Killed Urug
 16955 | Lair:3   | Got a shimmering ivory amulet
 17203 | Lair:4   | Noticed Nergalle
 17211 | Lair:4   | Killed Nergalle
 17437 | Lair:4   | Found a staircase to the Shoals.
 17447 | Lair:4   | Noticed Sonja
 17461 | Lair:4   | Killed Sonja
 17938 | Lair:4   | Noticed Josephine
 17943 | Lair:4   | Killed Josephine
 18595 | Lair:5   | Reached XP level 15. HP: 98/141 MP: 5/14
 18840 | Lair:5   | Found a staircase to the Slime Pits.
 19302 | Lair:6   | Entered Level 6 of the Lair of Beasts
 19720 | Lair:6   | Reached skill level 10 in Transmutations
 19797 | Lair:6   | Identified the amulet "Rouvumn" {Harm *Drain MR+ Dex+2} (You found it on level 3 of the Lair of Beasts)
 21042 | Orc:2    | Found a roughly hewn altar of Beogh.
 21248 | Orc:2    | Found a roughly hewn altar of Beogh.
 21256 | Orc:2    | Reached skill level 16 in Fighting
 21265 | Orc:2    | Found Lotoer's Antique Armour Shop.
 21341 | Orc:2    | Found a roughly hewn altar of Beogh.
 21380 | Orc:2    | Found a roughly hewn altar of Beogh.
 21388 | Orc:2    | Found a staircase to the Elven Halls.
 21473 | Orc:2    | Found a roughly hewn altar of Beogh.
 21703 | Orc:2    | Found a roughly hewn altar of Beogh.
 21704 | Orc:2    | Found Giczubips's Distillery.
 21770 | Orc:2    | Noticed an orc warlord
 22029 | Orc:2    | Killed an orc warlord
 22051 | Orc:2    | Found Mouwicet's Antique Armour Shop.
 22052 | Orc:2    | Found a roughly hewn altar of Beogh.
 22055 | Orc:2    | Found Roril's Antique Weapon Boutique.
 22429 | Depths:1 | Entered Level 1 of the Depths
 22442 | Depths:1 | Paralysed by a vampire knight for 5 turns
 22941 | Shoals:1 | Entered Level 1 of the Shoals
 24239 | Shoals:2 | Reached XP level 16. HP: 154/154 MP: 6/15
 24287 | Shoals:2 | Reached skill level 17 in Fighting
 24287 | Shoals:2 | Reached skill level 15 in Armour
 24864 | Shoals:3 | Noticed Edwin's ghost (adept FoHu)
 24878 | Shoals:3 | Killed Edwin's ghost
 24878 | Shoals:3 | Reached skill level 1 in Invocations
 25297 | Shoals:3 | Noticed Roxanne
 25795 | Shoals:3 | Killed Roxanne
 25800 | Shoals:3 | Identified Roxanne's Tome of Changing (You took it off Roxanne on level 3 of the Shoals)
 25808 | Shoals:3 | Learned a level 6 spell: Statue Form
 25911 | Shoals:4 | Entered Level 4 of the Shoals
 26000 | Spider:1 | Entered Level 1 of the Spider Nest
 26866 | Spider:1 | Reached skill level 18 in Fighting
 28342 | Spider:1 | Reached skill level 5 in Invocations
 28702 | Depths:1 | Reached skill level 19 in Fighting
 28707 | Depths:1 | Reached XP level 17. HP: 94/168 MP: 18/20
 29330 | Depths:1 | Found a gateway to Hell.
 29536 | Depths:1 | Found a one-way gate to the infinite horrors of the Abyss.
 29805 | Depths:1 | Found a gateway to a ziggurat.
 30006 | Depths:2 | Found a hide-covered altar of Uskayaw.
 30039 | Depths:2 | Slain by a cyan very ugly thing

Vault maps used:
D:1:      minmay_arrival_jagged
D:2:      marbit_many_paths, first_bread, uniq_iyjb
D:3:      uniq_natasha, uniq_crazy_yiuf_cottage
D:4:      minmay_temple_entry_overgrown, st_stairs_6, feat_on_display
D:5:      lemuel_coloured_pillars_altar, gammafunk_temple_overflow_elements,
          serial_shops, shop, basic_altar
D:6:      minmay_opposing_rooms, nemelex_xobeh_ov_fountains_minmay
D:7:      nicolae_overflow_crystal_walls, nicolae_overflow_hidden_temple,
          grunt_livestock, uniq_pikel, uniq_prince_ribbit1
D:8:      eat_drink_and_be_merry_uskayaw, uniq_maurice, uniq_joseph,
          uniq_erolcha, uniq_psyche
D:9:      wad_crossroads, roderic_filled_cross
D:11:     erik_lair_island
D:12:     orc_0_dummy, minmay_another_anthill
D:13:     basic_altar
D:14:     lightli_vaults_fourway_checkpoint, minmay_door_square, minivault_1
D:15:     hangedman_depths_entry_try_elsewhere_first
Temple:   chambers_temple_14
Lair:1:   bh_autumn_forest_stairs, uniq_gastronok, uniq_harold
Lair:2:   dummy_spider_entry, grunt_megastairs_4, uniq_urug
Lair:4:   shoals_dummy_entry, uniq_nergalle, uniq_sonja, uniq_josephine
Lair:5:   minmay_slime_entry_jelly_boxes, lemuel_fruit_fields,
          lemuel_fruit_fields
Lair:6:   due_jungle_book, st_stairs_7
Shoals:2: kb_tengu_band
Shoals:3: st_shoals_ruin, uniq_roxanne
Shoals:4: shoals_end_grunt_garden, shoal_ilsuiw, nicolae_shoals_square_sea_wall,
          nicolae_shoals_seven_spires, nicolae_shoals_loop_pool
Spider:2: nicolae_spider_webbed_stairs
Orc:2:    grunt_orc_community_town_hall, grunt_orc_community_big_house_2,
          grunt_orc_community_big_house_1, grunt_orc_community_house_2,
          grunt_orc_community_house_1, grunt_orc_community_house_3,
          grunt_orc_community_house_1, grunt_orc_community_house_1,
          grunt_orc_community_house_2, basic_altar, uniq_donald
Depths:1: enter_ziggurat_f, abyss_entry, hell_entry, hex_tiny,
          minmay_stone_trees_small, st_stairs_12, glass_columns_b,
          corner_web_ring, feat_on_display
Depths:2: regret_index_uskayaw_diablada_macabre, pf_hell_entry_tar_river,
          infiniplex_staircase_x, grunt_megastairs_3, basic_stair_grate_trap,
          serial_bayou_shore_b

Skill      XL: |  1  2  3  4  5  6  7  8  9 10 11 12 13 14 15 16 17 |
---------------+----------------------------------------------------+-----
Fighting       | 4 5 6 7 8 10 11 13 14 15 16 19 | 19.7
Dodging        | 4 5 6 8 9 11 | 11.5
Unarmed Combat | 5 6 7 8 10 11 13 14 15 16 17 | 17.1
Armour         | 5 9 12 13 14 16 | 16.7
Transmutations | 5 9 11 | 11.5
Invocations    | 5 6 |  6.7
Stealth        | |  1.5

Action                   |  1- 3 |  4- 6 |  7- 9 | 10-12 | 13-15 | 16-18 || total
-------------------------+-------+-------+-------+-------+-------+-------++-------
Melee: Unarmed           |    78 |   186 |   249 |   471 |   900 |   428 ||  2312
       Headbutt          |    14 |    32 |    62 |   177 |   334 |   171 ||   790
       Punch             |     3 |     5 |    10 |    51 |   119 |    89 ||   277
Invok: Slouch            |       |       |       |     2 |       |     7 ||     9
Evoke: Wand              |       |       |       |     3 |     4 |     4 ||    11
  Use: Scroll            |       |     1 |       |    14 |    23 |     2 ||    40
       Potion            |       |       |     4 |     6 |     8 |     2 ||    20
 Stab: Sleeping          |       |     3 |     3 |     2 |       |       ||     8
       Distracted        |       |       |       |     1 |       |       ||     1
       Invisible         |       |       |       |       |     5 |       ||     5
       Held in net/web   |       |       |       |       |     1 |       ||     1
  Eat: Chunk             |       |     5 |       |     1 |     4 |       ||    10
       Bread ration      |       |     1 |     1 |     2 |     5 |     2 ||    11
Armor: Robe              |     2 |       |       |       |       |       ||     2
       Leather armour    |    17 |    24 |       |       |       |       ||    41
       Mottled dragon ar |       |    20 |    55 |     9 |       |       ||    84
       Chain mail        |       |       |       |    61 |   272 |   166 ||   499
Dodge: Dodged            |    48 |   113 |   165 |   443 |   767 |   477 ||  2013
Block: Other             |    12 |    32 |    53 |   100 |   182 |   110 ||   489
       Reflection        |       |       |       |     4 |    20 |    10 ||    34
